 Dungeon Crawl Stone Soup version 0.24.0-29-g8ce449bc06 (webtiles) character file.

Game seed: 18250117966170288163, levelgen mode: deterministic

93 Flugslaktarn the Skirmisher (level 4, -1/41 HPs)
             Began as a Hill Orc Fighter on Nov 14, 2019.
             Killed by divine providence
             ... invoked by an orc priest
              (16 damage)
             ... on level 4 of the Dungeon.
             The game lasted 00:00:55 (1300 turns).

Flugslaktarn the Skirmisher (Hill Orc Fighter)      Turns: 1300, Time: 00:00:55

Health: -1/41      AC:  7    Str: 19    XL:     4   Next: 61%
Magic:  4/4        EV:  7    Int:  8    God:
Gold:   114        SH:  9    Dex: 10    Spells: 3/3 levels left

rFire    . . .     SeeInvis .   p - -2 hand axe (curse)
rCold    . . .     Gourm    .   c - +0 shield
rNeg     . . .     Faith    .   b - +0 scale mail
rPois    .         Spirit   .   (no helmet)
rElec    .         Reflect  .   (no cloak)
rCorr    .         Harm     .   (no gloves)
MR       .....                  (no boots)
Stlth    ..........             (no amulet)
HPRegen  0.13/turn              (no ring)
MPRegen  0.09/turn              (no ring)

@: no status effects
A: no striking features
a: Convert to Beogh


You were on level 4 of the Dungeon.
You were near starving.

You visited 1 branch of the dungeon, and saw 4 of its levels.

You collected 114 gold pieces.

Inventory:

Hand Weapons
 a - a +0 war axe
 p - a cursed -2 hand axe (weapon)
   (You found it on level 2 of the Dungeon)
Missiles
 l - a throwing net (quivered)
Armour
 b - a +0 scale mail (worn)
 c - a +0 shield (worn)
Jewellery
 i - an uncursed ring of protection from fire {unknown}
   (You found it on level 2 of the Dungeon)
 k - a +2 ring of strength {unknown}
   (You found it on level 1 of the Dungeon)
Scrolls
 h - 2 scrolls of identify {unknown}
 j - a scroll of fog {unknown}
 m - a scroll of noise {unknown}
 n - a scroll of magic mapping {unknown}
 s - a scroll of remove curse {unknown}
Potions
 d - a potion of might
 f - a potion of curing {unknown}
 g - a potion of agility {unknown}
 o - a potion of ambrosia {unknown}
 q - a potion of brilliance {unknown}
 r - a potion of lignification {unknown}
Comestibles
 e - 3 rations


   Skills:
 + Level 4.3 Fighting
 * Level 4.3 Axes
 + Level 3.9 Armour
 + Level 3.8 Shields


You had 3 spell levels left.
You didn't know any spells.
Your spell library was empty.

Dungeon Overview and Level Annotations

Branches:
Dungeon (4/15)
 Temple: D:4-7

Altars:
Ashenzari


Message History

The orc priest hits you but does no damage.
You hit the orc priest but do no damage.
The orc priest is severely wounded.
The orc priest mumbles some strange prayers to Beogh against you.
Pain shoots through your body! You block the orc priest's attack.
You are too injured to fight recklessly!
You are too injured to fight recklessly!
You are too injured to fight recklessly!
You are too injured to fight recklessly!
You are too injured to fight recklessly!
You are too injured to fight recklessly!
You are too injured to fight recklessly!
You are too injured to fight recklessly!
An orc priest is nearby!
You closely miss the orc priest.
The orc priest is heavily wounded.
The orc priest shouts, "Surrender to Beogh and we'll let you live!"
The orc priest calls down the wrath of Beogh upon you.
Beogh smites you!
You die...

.................
###............?..
#.................
#.................
........[........#
.....h.#........#
......h##.......#
......##o†..<...#
##.h.##..@..#...#
#........#### ###
....#....
..####... ##.. #..
... ...


You could see an orc priest.

Vanquished Creatures
  3 adders (D:2)
  An ooze (D:1)
  2 dart slugs (D:1)
  A worm (D:2)
  A leopard gecko (D:1)
  2 orcs (D:4)
  6 bats
  4 giant cockroaches
  3 goblins
  6 hobgoblins
  4 jackals
  A quokka (D:3)
  2 ball pythons (D:2)
  4 frilled lizards (D:2)
  A jackal skeleton (D:4)
  4 kobolds
  A leopard gecko skeleton (D:2)
  6 rats
52 creatures vanquished.

Notes
Turn   | Place    | Note
-------+----------+-------------------------------------------
     0 | D:1      | Flugslaktarn the Hill Orc Fighter began the quest for the
                  | Orb.
     0 | D:1      | Reached XP level 1. HP: 19/19 MP: 1/1
    91 | D:1      | Reached XP level 2. HP: 25/27 MP: 2/2
   249 | D:1      | Reached XP level 3. HP: 33/33 MP: 3/3
   346 | D:2      | Found a shattered altar of Ashenzari.
   696 | D:2      | Reached XP level 4. HP: 40/40 MP: 4/4
  1300 | D:4      | Killed from afar by an orc priest

Levels and vault maps discovered:
D:1:      lightli_arrival_statue_moat, layout_rooms, grunt_decor_resistance,
          chequers_avenue
D:2:      layout_loops_ring, nicolae_ashenzari_panopticon, first_ration,
          minmay_fractal_squares_5
D:3:      layout_loops_cross, minmay_misc_feat_nine_boxes,
          corexii_item_surrounded_by_moat
D:4:      layout_cave_pools, enter_ossuary_2, minivault_5,
          chequers_serial_rivers_room_a, elyvilon_altar_4, uniq_robin

Skill      XL: |  1  2  3 |
---------------+----------+-----
Axes           | 3 4 |  4.3
Fighting       | 4 |  4.3
Armour         | |  3.9
Shields        | |  3.8

Action                   |  1- 3 |  4- 6 || total
-------------------------+-------+-------++-------
Melee: War axe           |    86 |       ||    86
       Hand axe          |     2 |    99 ||   101
Armor: Scale mail        |    56 |    51 ||   107
Dodge: Dodged            |    33 |    42 ||    75
Block: Shield            |    51 |    58 ||   109
